 Dungeon Crawl Stone Soup version 0.23.2-40-g277498a (webtiles) character file.

Game seed: 7617289216366013364

8350 Fang the Fighter (level 11, -6/74 HPs)
             Began as a Gargoyle Berserker on Oct 14, 2019.
             Was a High Priest of Trog.
             Killed from afar by a deep elf knight (44 damage)
             ... with a shard of ice
             ... on level 10 of the Dungeon.
             The game lasted 00:14:35 (9295 turns).

Fang the Fighter (Gargoyle Berserker)               Turns: 9295, Time: 00:14:36

Health: -6/74      AC: 27    Str: 24    XL:     11   Next: 29%
Magic:  11/11      EV:  6    Int:  8    God:    Trog [*****.]
Gold:   455        SH:  0    Dex:  9    Spells: 10/10 levels left

rFire    . . .     SeeInvis +   a - +1 battleaxe
rCold    . . .     Gourm    .   (shield currently unavailable)
rNeg     + + .     Faith    .   b - +0 crystal plate armour
rPois    ∞         Spirit   .   (no helmet)
rElec    +         Reflect  .   (no cloak)
rCorr    +         Harm     .   (no gloves)
MR       .....                  (no boots)
Stlth    ..........             (no amulet)
HPRegen  0.22/turn              g - ring "Cuat" {+Inv rN+ SInv Stlth+}
MPRegen  0.12/turn              q - ring of resist corrosion

@: marked, berserk cooldown
A: negative energy resistance 1, electricity resistance, unbreathing,
petrification resistance, rot immunity, AC +8
a: Berserk, Trog's Hand, Brothers in Arms, Renounce Religion, Evoke Invisibility


You were on level 10 of the Dungeon.
You worshipped Trog.
Trog was extremely pleased with you.
You were not hungry.

You visited 2 branches of the dungeon, and saw 11 of its levels.

You collected 455 gold pieces.

Inventory:

Hand Weapons
 a - a +1 battleaxe (weapon)
Armour
 b - a +0 crystal plate armour (worn)
Jewellery
 f - an uncursed ring of stealth
 g - the ring "Cuat" (left hand) {+Inv rN+ SInv Stlth+}
   (You found it on level 9 of the Dungeon)

   [ring of see invisible]

   It protects you from negative energy.
   It lets you see invisible.
   It lets you turn invisible.
   It makes you more stealthy.
 q - a ring of resist corrosion (right hand)
 y - an uncursed ring of protection from fire
Wands
 t - a wand of iceblast (7)
 w - a wand of flame (8)
 B - a wand of random effects (28)
Scrolls
 h - 4 scrolls of remove curse
 i - 5 scrolls of identify
 j - 3 scrolls of magic mapping
 k - a scroll of fog
 v - 3 scrolls of fear
Potions
 d - 2 potions of agility
 e - a potion of degeneration
 l - a potion of heal wounds
 o - 7 potions of curing
 p - 2 potions of might
 r - 2 potions of mutation
 u - 2 potions of flight
 x - a potion of berserk rage
 z - a potion of magic
Comestibles
 c - 18 rations


   Skills:
 * Level 11.0 Fighting
 * Level 9.3 Axes
 + Level 8.5 Armour
 + Level 6.5 Dodging


You had 10 spell levels left.
You didn't know any spells.
Your spell library was empty.

Dungeon Overview and Level Annotations

Branches:
Dungeon (10/15)            Temple (1/1) D:4            Lair (0/6) D:8
    Orc: D:9-12

Altars:
Elyvilon
Fedhas
Gozag
Kikubaaqudgha
Makhleb
Nemelex Xobeh
Okawaru
Ru
Zin
The Shining One

Shops:
D:4 [   D:5 **   D:10 ?

Annotations:
D:10 Erica, Harold


Innate Abilities, Weirdness & Mutations

You are resistant to torment.
Your stone body is resilient. (AC +8)
You are immune to poison.
You resist negative energy. (rN+)
You are resistant to electric shocks. (rElec)
You can survive without breathing.
You are immune to petrification.
You are immune to rotting.


Message History

This raw flesh tastes terrible.
You feel yourself speed up.
Harold is nearby!
Harold is nearby!
Harold throws a throwing net.
The throwing net hits you.
You become entangled in the net!
You see here a throwing net.
You tear a large gash into the net.
You shred the net and break free!
Harold throws a throwing net.
The throwing net hits you.
You become entangled in the net!
You see here a throwing net.
You struggle against the net.
You struggle against the net.
You rip the net and break free!
Harold throws a throwing net.
The throwing net completely misses you.
The deep elf knight points at you and mumbles some strange words.
The shard of ice hits you!!!
Ouch! That really hurt!
You die...

######## #....(.######
#...........#
#......####.# #...@..#
#.# #......# #.# #.))@..#
#.###### #... #......#
#.#....# #...# #.ep...#
#.#.##.# #...# ##[#####
#.#.##.#
#...####l########.#.##.#
+................>†....#
##...####.##+###.###.####


You could see Harold, a deep elf knight, a wizard and a leopard gecko.

Vanquished Creatures
  Urug (D:10)
  The ghost of Eryximachus the Cleaver, a novice MiBe of Trog (D:7)
  Pikel (D:4)
  A centaur zombie (D:9)
  A hornet (D:10)
  Grinder (D:4)
  A hippogriff (D:7)
  7 yaks
  A wraith (D:10)
  A human (D:8)
  2 hogs (D:8)
  A hungry ghost (D:10)
  2 wargs (D:7)
  Menkaure (D:4)
  A water moccasin (D:6)
  2 orc warriors
  3 sky beasts
  2 ice beasts
  A slave (D:4)
  A necrophage (D:6)
  A phantom (D:4)
  3 centaurs
  2 ogres
  4 bullfrogs
  A wyvern skeleton (D:9)
  3 scorpions
  4 killer bees
  A howler monkey (D:3)
  15 wights
  4 crimson imps
  2 bullfrog zombies
  A quasit (D:7)
  2 bullfrog skeletons
  A jelly (D:7)
  A centaur skeleton (D:7)
  2 hounds
  4 orc priests
  4 orc wizards
  3 iguanas
  5 worker ants
  A centaur simulacrum (D:7)
  A hound zombie (D:5)
  A spectral worker ant (D:7)
  A hound skeleton (D:7)
  A worker ant zombie (D:5)
  7 gnolls
  12 adders
  A howler monkey skeleton (D:5)
  4 shadow imps
  2 oozes
  An adder zombie (D:5)
  An adder skeleton (D:7)
  A worm (D:2)
  3 dart slugs
  5 leopard geckos
  25 orcs
  A ball python (D:3)
  8 giant cockroaches
  6 goblins
  9 hobgoblins
  11 jackals
  A quokka (D:2)
  10 bats
  3 frilled lizards
  11 kobolds
  A quokka skeleton (D:9)
  6 rats
229 creatures vanquished.

Notes
Turn   | Place    | Note
-------+----------+-------------------------------------------
     0 | D:1      | Fang the Gargoyle Berserker began the quest for the Orb.
     0 | D:1      | Reached XP level 1. HP: 14/14 MP: 1/1
    31 | D:1      | Reached XP level 2. HP: 4/19 MP: 2/2
   460 | D:1      | Reached ** piety under Trog
   460 | D:1      | Reached XP level 3. HP: 20/23 MP: 3/3
   805 | D:2      | Found an ancient bone altar of Kikubaaqudgha.
   895 | D:2      | Reached XP level 4. HP: 29/29 MP: 4/4
  1309 | D:3      | Reached skill level 4 in Fighting
  1341 | D:3      | Reached *** piety under Trog
  1376 | D:3      | Reached XP level 5. HP: 28/33 MP: 5/5
  1485 | D:3      | Found a glowing golden altar of the Shining One.
  1565 | D:3      | Found an iron altar of Okawaru.
  1716 | D:3      | Reached XP level 6. HP: 29/39 MP: 6/6
  1867 | D:3      | Found a burning altar of Makhleb.
  1869 | D:3      | Noticed a green death
  2057 | D:4      | Noticed Menkaure
  2065 | D:4      | Killed Menkaure
  2065 | D:4      | Reached skill level 5 in Fighting
  2065 | D:4      | Reached XP level 7. HP: 33/44 MP: 7/7
  2614 | D:4      | Found Civvalap's Antique Armour Boutique.
  2627 | D:4      | Found a staircase to the Ecumenical Temple.
  2663 | Temple   | Entered the Ecumenical Temple
  2733 | D:4      | Reached **** piety under Trog
  2914 | D:4      | Noticed Pikel
  2930 | D:4      | Killed Pikel
  2930 | D:4      | Reached skill level 6 in Fighting
  2930 | D:4      | Reached skill level 5 in Axes
  2930 | D:4      | Reached skill level 5 in Armour
  2930 | D:4      | Reached XP level 8. HP: 42/51 MP: 8/8
  3231 | D:4      | Noticed Grinder
  3256 | D:4      | Killed Grinder
  3588 | D:5      | Entered Level 5 of the Dungeon
  3806 | D:5      | Found Zin's Purification Station.
  3807 | D:5      | Found a glowing silver altar of Zin.
  3896 | D:5      | Found Ruekul's General Store.
  4145 | D:5      | Reached skill level 7 in Fighting
  4759 | D:6      | Found a sparkling altar of Nemelex Xobeh.
  4887 | D:6      | Reached XP level 9. HP: 49/57 MP: 9/9
  5226 | D:6      | Found a sacrificial altar of Ru.
  5438 | D:7      | Found a runed translucent gate.
  5438 | D:7      | Found a runed translucent gate.
  5438 | D:7      | Found a runed translucent gate.
  5438 | D:7      | Noticed Eryximachus's ghost (novice MiBe)
  5528 | D:7      | Found an opulent altar of Gozag.
  5571 | D:7      | Reached skill level 5 in Dodging
  5664 | D:7      | Reached skill level 8 in Fighting
  6459 | D:7      | Killed Eryximachus's ghost
  6459 | D:7      | Reached skill level 9 in Fighting
  6459 | D:7      | Reached XP level 10. HP: 58/66 MP: 10/10
  6520 | D:8      | Found a staircase to the Lair.
  6763 | D:8      | Reached ***** piety under Trog
  6954 | D:8      | Found a sparkling altar of Nemelex Xobeh.
  7664 | D:9      | Reached skill level 10 in Fighting
  8222 | D:9      | Found a blossoming altar of Fedhas.
  8263 | D:9      | Found a white marble altar of Elyvilon.
  8310 | D:9      | Got a bound lead ring
  8340 | D:9      | Received a gift from Trog
  8359 | D:9      | Identified the ring "Cuat" {+Inv rN+ SInv Stlth+} (You
                  | found it on level 9 of the Dungeon)
  8764 | D:10     | Entered Level 10 of the Dungeon
  8783 | D:10     | Paralysed by fainting for 11 turns
  8810 | D:10     | Noticed Urug
  8812 | D:10     | Found Xylaxkeuni's Magic Scroll Emporium.
  8824 | D:10     | Killed Urug
  8824 | D:10     | Reached XP level 11. HP: 73/73 MP: 11/11
  9189 | D:10     | Reached skill level 11 in Fighting
  9245 | D:10     | Noticed an orc knight
  9246 | D:10     | Noticed Harold
  9247 | D:10     | Noticed a +7 double sword
  9247 | D:10     | Noticed a wizard
  9248 | D:10     | Noticed a deep elf knight
  9251 | D:10     | Noticed an orc knight
  9255 | D:10     | Noticed Erica
  9295 | D:10     | Killed from afar by a deep elf knight

Skill      XL: |  1  2  3  4  5  6  7  8  9 10 11 |
---------------+----------------------------------+-----
Axes           | 3 4 5 6 7 9 |  9.3
Dodging        | 2 3 4 5 6 |  6.5
Armour         | 3 4 5 6 7 8 |  8.5
Fighting       | 4 5 6 7 9 10 11 | 11.0

Action                   |  1- 3 |  4- 6 |  7- 9 | 10-12 || total
-------------------------+-------+-------+-------+-------++-------
Melee: Hand axe          |   104 |   230 |   463 |    20 ||   817
       Battleaxe         |       |       |       |   261 ||   261
Invok: Berserk           |     1 |     1 |     5 |     5 ||    12
       Trog's Hand       |       |       |       |     1 ||     1
  Use: Scroll            |       |     2 |     1 |    25 ||    28
  Eat: Chunk             |     1 |     4 |    12 |    13 ||    30
       Ration            |       |       |     2 |     3 ||     5
Armor: Animal skin       |    11 |       |       |       ||    11
       Plate armour      |    69 |   231 |   403 |   298 ||  1001
       Crystal plate arm |       |       |       |    22 ||    22
Dodge: Dodged            |    50 |   111 |   197 |   219 ||   577
